 Dungeon Crawl Stone Soup version 0.30.0-5-g1a98f26d00 (webtiles) character file.

Game seed: 14570612238583300387

669 Exaltedone87 the Covered (level 7, 0/63 HPs)
             Began as an Armataur Fighter on May 9, 2023.
             Was an Initiate of Makhleb.
             Slain by a howler monkey (2 damage)
             ... on level 5 of the Dungeon.
             The game lasted 00:05:54 (3046 turns).

Exaltedone87 the Covered (Armataur Fighter)         Turns: 3046, Time: 00:05:54

Health: 0/63       AC: 10    Str: 21    XL:     7   Next: 32%
Magic:  7/7        EV:  7    Int:  9    God:    Makhleb [......]
Gold:   208        SH:  5    Dex: 11    Spells: 6/6 levels left

rFire   . . .        a - +1 flail
rCold   . . .        c - +0 buckler
rNeg    . . .        b - +0 scale mail
rPois   .            d - +0 helmet
rElec   .            (no cloak)
rCorr   .            i - +0 pair of gloves
SInv    .            (no barding)
Will    .....        (no amulet) Stlth
                     (no ring)
HPRegen 0.30/turn    (no ring)
MPRegen 0.10/turn

%: roll
@: no status effects
A: large, rugged brown scales 3, deformed body, armoured tail, roll, long
tongue, awkward tongue
a: Renounce Religion


You were on level 5 of the Dungeon.
You worshipped Makhleb.
Makhleb was noncommittal.
You visited 2 branches of the dungeon, and saw 6 of its levels.

You collected 208 gold pieces.

Inventory:

Hand Weapons
 a - a +1 flail (weapon)
Armour
 b - a +0 scale mail (worn)
 c - a +0 buckler (worn)
 d - a +0 helmet (worn)
 i - a +0 pair of gloves (worn)
Scrolls
 f - 2 scrolls of magic mapping
 k - 4 scrolls of identify
 l - 2 scrolls of teleportation
 n - 3 scrolls of poison
Potions
 g - a potion of magic
 h - 2 potions of ambrosia
 m - a potion of brilliance


   Skills:
 + Level 4.1 Fighting
 * Level 4.8 Maces & Flails
 + Level 5.5 Armour
 + Level 5.0 Shields
 + Level 0.9 Invocations


You had 6 spell levels left.
You didn't know any spells.
Your spell library contained the following spells:

 Spells                   Type           Power      Damage    Failure   Level
 Beastly Appendage        Tmut           0%         N/A       77%         1
 Magic Dart               Conj           0%         1d3       77%         1
 Summon Small Mammal      Summ           0%         N/A       77%         1
 Searing Ray              Conj           0%         2d4       88%         2
 Wereblood                Tmut           0%         N/A       88%         2
 Call Canine Familiar     Summ           0%         N/A       98%         3
 Ignite Poison            Fire/Tmut/Pois 0%         N/A       98%         3
 Spider Form              Tmut/Pois      0%         N/A       98%         3
 Summon Guardian Golem    Hex/Summ       0%         N/A       98%         3
 Fulminant Prism          Conj/Hex       0%         3d5       100%        4
 Sticky Flame             Conj/Fire      0%         2d3       100%        4
 Ignition                 Fire           0%         3d3       100%        8


Dungeon Overview and Level Annotations

Branches:
Dungeon (5/15)             Temple (1/1) D:5

Altars:
Ashenzari
Fedhas
Hepliaklqana
Makhleb
Okawaru
Qazlal
Ru
Sif Muna
Uskayaw
Wu Jian
Xom
Zin

Shops:
D:3 !

Annotations:
D:3 2 transporters


Innate Abilities, Weirdness & Mutations

You are completely covered in rugged brown scales. (AC +3, +7% HP)
Armour fits poorly on your strangely shaped body.
You have a long armoured tail.
You roll when moving toward enemies. (Rampage)
Your long tongue fully drains potion bottles. (2x potion effects)
Your tongue gives you trouble enunciating. (1.5x scroll delay)


Message History

You block the adder's attack.
Your Shields skill increases to level 5!
You barely miss the adder.
Your tail-slap misses the adder.
You feel very sick. You block the adder's attack. The adder barely misses you.
Unknown command.
The adder attacks as you move away! The adder barely misses you.
A phantom comes into view.
You feel sick. You block the adder's attack.
You miss the adder.
You feel sick. The adder closely misses you.
Unknown command.
You roll towards the phantom!
You feel sick.
You see here a +0 chain mail.
Found 5 stones.
You feel sick.
The phantom hits you but does no damage.
The adder attacks as you move away! The adder bites you but does no damage.
You feel sick. The phantom hits you.
* * * LOW HITPOINT WARNING * * *
The phantom blinks!
You blink.
A howler monkey comes into view.
You feel sick.
The howler monkey howls!
The howler monkey moves out of view.
The phantom attacks as you move away! The phantom hits you.
* * * LOW HITPOINT WARNING * * *
You feel sick.
You are no longer poisoned.
The adder attacks as you move away! You block the adder's attack.
The phantom attacks as you move away! The phantom hits you.
* * * LOW HITPOINT WARNING * * *
The howler monkey hits you but does no damage.
The phantom attacks as you move away! The phantom hits you.
* * * LOW HITPOINT WARNING * * *
Found 15 gold pieces.
The howler monkey hits you but does no damage.
The adder bites you.
* * * LOW HITPOINT WARNING * * *
The howler monkey attacks as you move away!
The howler monkey hits you.
You die...

. #..[.#.#.#
##.# #...##...#
#.#
##...#......#
#.#
##.h...#.#.#...#
#.. #._⌠.......#
#.# ###
##....##....
....###
##S..#..#..#
#..... #ShW#..#
.# ##..## #@#(#
.....##
$........##
####...
#.#..#..#.# #.#.
#. ##..... #.#.
# ##. #.. ....
.. ### #.... #.
#.... #. #####


You could see a black bear, a phantom, a howler monkey and 2 adders.

Vanquished Creatures
  Menkaure (D:4)
  A water moccasin (D:5)
  Blork the orc (D:4)
  A scorpion (D:4)
  A jelly (D:5)
  2 hounds (D:5)
  Jessica (D:2)
  An iguana (D:4)
  An orc wizard (D:4)
  Robin (D:4)
  3 adders
  3 gnolls (D:3)
  An ufetubus (D:5)
  2 worms (D:3)
  A dart slug (D:2)
  3 orcs (D:4)
  3 bats (D:1)
  6 endoplasms
  4 giant cockroaches
  12 goblins
  5 hobgoblins
  7 jackals
  2 kobolds
  6 ball pythons
  7 frilled lizards
  4 rats
80 creatures vanquished.

Notes
Turn   | Place    | Note
-------+----------+-------------------------------------------
     0 | D:1      | Exaltedone87 the Armataur Fighter began the quest for the
                  | Orb.
     0 | D:1      | Reached XP level 1. HP: 19/19 MP: 1/1
    40 | D:1      | Reached XP level 2. HP: 10/26 MP: 2/2
   363 | D:1      | Found a faded altar of an unknown god.
   617 | D:2      | Noticed Jessica
   626 | D:2      | Killed Jessica
   627 | D:2      | Reached XP level 3. HP: 33/33 MP: 3/3
  1016 | D:3      | Reached XP level 4. HP: 40/40 MP: 4/4
  1022 | D:3      | Found Ulaeptet's Distillery.
  1408 | D:3      | Found a transporter.
  1409 | D:3      | Found a transporter.
  1723 | D:4      | Noticed Blork the orc
  1733 | D:4      | Killed Blork the orc
  1734 | D:4      | Reached XP level 5. HP: 10/48 MP: 5/5
  1871 | D:4      | Noticed Robin
  1881 | D:4      | Killed Robin
  2200 | D:4      | Noticed Menkaure
  2288 | D:4      | Killed Menkaure
  2289 | D:4      | Reached skill level 5 in Armour
  2289 | D:4      | Reached XP level 6. HP: 27/55 MP: 6/6
  2840 | D:5      | Entered Level 5 of the Dungeon
  2840 | D:5      | Found a staircase to the Ecumenical Temple.
  2861 | Temple   | Entered the Ecumenical Temple
  2913 | Temple   | Became a worshipper of Makhleb the Destroyer
  2987 | D:5      | Noticed a water moccasin
  3008 | D:5      | Reached XP level 7. HP: 47/63 MP: 7/7
  3020 | D:5      | Found an ornate altar of the Wu Jian Council.
  3024 | D:5      | HP: 1/63 [poisoned by a water moccasin]
  3035 | D:5      | Reached skill level 5 in Shields
  3045 | D:5      | HP: 2/63 [adder (2)]
  3046 | D:5      | Slain by a howler monkey

Illustrated notes

Levels and vault maps discovered:
D:1:      mushboom_english_gardens, layout_rooms,
          shapermc_ecumenical_altar_hornbeckon
D:2:      layout_rooms, uniq_jessica
D:3:      gammafunk_wand_slinger, layout_rooms, serial_shops, shop
D:4:      layout_loops_cross, uniq_menkaure, uniq_blork_the_orc, uniq_robin
D:5:      layout_rooms, mainiacjoe_overflow_concentric_impassable,
          gammafunk_temple_overflow_wave, minmay_temple_entry_overgrown,
          minmay_ruined_shrine
Temple:   chequers_temple_sunken

Skill      XL: |  1  2  3  4  5  6  7 |
---------------+----------------------+-----
Maces & Flails | 2 3 4 |  4.8
Fighting       | 3 4 |  4.1
Armour         | 4 5 |  5.5
Shields        | 4 5 |  5.0
Invocations    | |  0.9

Action                     |  1- 3 |  4- 6 |  7- 9 || total
---------------------------+-------+-------+-------++-------
  Melee: Flail             |    97 |   136 |    21 ||   254
         Tailslap          |     5 |    11 |     3 ||    19
    Use: Scroll            |     8 |     4 |       ||    12
         Potion            |       |     2 |     2 ||     4
 Armour: Scale mail        |    52 |    66 |    23 ||   141
  Dodge: Dodged            |    35 |    57 |    21 ||   113
  Block: Buckler           |    23 |    46 |    11 ||    80
